[Event "Team 45 45 League T48"]
[Site "Internet Chess Club"]
[Date "2011.02.19"]
[Round "2"]
[White "jjaillet2007"]
[Black "BosqueVerde"]
[Result "1-0"]
[WhiteElo "1355"]
[BlackElo "1256"]
[Opening "QGD Slav defense"]
[ECO "D10"]
[Time "20:00:08"]
[TimeControl "2700+45"]

1. d4 d5 2. c4 c6 3. Nc3 Nf6 4. cxd5 cxd5 5. Bf4 Nc6 6. e3 Bd7 7. Nf3 e6 8. Bd3
Bb4 9. O-O O-O 10. a3 Ba5 11. b4 Bc7 12. Bxc7 Qxc7 13. h3 Rac8 14. Nb5 Qb6 15.
Re1 a6 16. Nc3 Nxd4 17. Nxd5 Nxd5 18. exd4 Bb5 19. Bxb5 Qxb5 20. Qe2 Qa4 21. Qd1
Qb5 22. Rc1 Nc3 23. Qd2 Nd5 24. Rxc8 Rxc8 25. Rc1 Qd7 26. Ne5 Qe8 27. Rc5 b5 28.
Qc2 Nb6 29. Rxc8 Nxc8 30. Qc6 Qxc6 31. Nxc6 Kf8 32. Nb8 Ne7 33. Nxa6 Nf5 34. d5
Ke7 35. dxe6 Kxe6 36. Nc7+ Ke5 37. Nxb5 Kd5 38. a4 Kc4 39. g4 Ne7 40. Nd6+ Kxb4
41. Nxf7 Kxa4 42. f4 g6 43. Kf2 Kb4 44. Kf3 Kc4 45. Ke4 Nd5 46. f5 Nf6+ 47. Ke5
Nd7+ 48. Ke6 Nc5+ 49. Kf6 Ne4+ 50. Kg7 gxf5 51. gxf5 Nf2 52. h4 h5 53. Ng5 Kd5
54. f6 Ng4 55. f7 Nf6 56. Kxf6 {Black resigns} 1-0

[Event "Team 45 45 League T48"]
[Site "Internet Chess Club"]
[Date "2011.02.20"]
[Round "2"]
[White "jocooper"]
[Black "anatolybcn"]
[Result "0-1"]
[WhiteElo "1128"]
[BlackElo "1245"]
[Opening "Queen's pawn game"]
[ECO "D04"]
[Time "12:00:18"]
[TimeControl "2700+45"]

1. d4 d5 2. Nf3 Nf6 3. e3 Ne4 4. Bd3 Bf5 5. O-O e6 6. Nbd2 Be7 7. c3 O-O 8. Qc2
c5 9. Nxe4 dxe4 10. Bxe4 Bxe4 11. Qxe4 Nc6 12. Rd1 Qc7 13. b3 a5 14. dxc5 Bxc5
15. Bb2 h6 16. Qc2 Bd6 17. c4 e5 18. c5 Be7 19. Qc3 Bf6 20. e4 Rfe8 21. Rd2 Qe7
22. Rad1 Bg5 23. Rd7 Qf6 24. R7d6 Qf4 25. Re1 a4 26. b4 Qg4 27. a3 Bf4 28. Bc1
Bxc1 29. Qxc1 Rad8 30. h3 Qf4 31. Qxf4 exf4 32. e5 Na7 33. Red1 Rxd6 34. Rxd6
Nb5 35. Rb6 Nxa3 36. Rxb7 Nc2 37. c6 a3 38. Ra7 Nxb4 39. Rxa3 Nxc6 40. h4 Nxe5
41. Nxe5 Rxe5 42. Ra8+ Kh7 43. f3 Rh5 44. Rf8 f6 45. Kf2 Rxh4 46. g3 Rh2+ 47.
Kg1 fxg3 48. f4 Rf2 49. Kh1 Rxf4 50. Kg2 Rg4 51. Rf7 Kg6 52. Re7 h5 53. Re3 h4
54. Rf3 Kg5 55. Rb3 Ra4 56. Rb5+ Kg4 {White resigns} 0-1

[Event "Team 45 45 League T48"]
[Site "Internet Chess Club"]
[Date "2011.02.22"]
[Round "2"]
[White "Mclintock45"]
[Black "WannaB"]
[Result "1-0"]
[WhiteElo "1006"]
[BlackElo "945"]
[Opening "Sicilian: closed"]
[ECO "B23"]
[Time "10:00:18"]
[TimeControl "2700+45"]

1. e4 c5 2. Nc3 g6 3. f4 Bg7 4. Bc4 e6 5. Nf3 Nf6 6. Qe2 O-O 7. d3 a6 8. Be3 d6
9. O-O-O b5 10. Bb3 Bd7 11. f5 Ng4 12. Bg5 Bf6 13. Bh6 Nxh6 14. h3 gxf5 15. g4
fxg4 16. hxg4 b4 17. Na4 Bg5+ 18. Kb1 Nxg4 19. Rh5 Bf6 20. Qg2 e5 21. Nb6 Qxb6
22. Bd5 Nc6 23. Rdh1 Kg7 24. Rxh7+ Kg8 25. Qh3 Be6 26. Bxe6 fxe6 27. Rh8+ Bxh8
28. Qxh8+ Kf7 29. Ng5+ Ke8 30. Qh7 Ra7 31. Qh4 Nf6 32. Nxe6 Rff7 33. Qh8+ Ke7
34. Ng5 Rf8 35. Qg7+ Ke8 36. Qg6+ Kd8 37. Qh6 Kd7 38. Qxf8 Qd8 39. Qf7+ Qe7 40.
Qg6 d5 41. Rf1 dxe4 42. Rxf6 exd3 43. Rxc6 d2 44. Qd3+ Ke8 45. Qxd2 Rd7 46. Rc8+
Rd8 47. Rxd8+ Qxd8 48. Qe2 Qd6 49. a3 bxa3 50. Ka2 Qd5+ 51. b3 Qd6 52. Qh5+ Kd7
53. Qh3+ Kc6 54. Qf3+ Qd5 55. Qf6+ Kb5 56. Qf1+ Kc6 57. Qxa6+ Kd7 58. Qa4+ Kd6
59. Qa6+ Qc6 60. Qd3+ Qd5 61. Qg6+ Kc7 62. Qg7+ Kc6 63. Nf7 e4 64. Qh6+ Kb5 65.
Nd6+ Kb4 66. Nxe4 Qxe4 67. Qb6+ Kc3 68. Qxc5+ Kd2 69. Kxa3 Qxc2 70. Qd5+ Kc1 71.
Qh1+ Kd2 72. Qh2+ Kd1 73. Qxc2+ Kxc2 74. b4 Kc3 75. b5 Kc4 76. b6 Kc5 77. b7 Kc6
78. b8=Q {Black forfeits on time} 1-0

[Event "Team 45 45 League T48"]
[Site "Internet Chess Club"]
[Date "2011.02.20"]
[Round "2"]
[White "malihini"]
[Black "guyd52"]
[Result "1/2-1/2"]
[WhiteElo "1220"]
[BlackElo "1229"]
[Opening "Robatsch (modern) defense"]
[ECO "B06"]
[Time "20:00:30"]
[TimeControl "2700+45"]

1. e4 g6 2. Nf3 Bg7 3. d3 Nf6 4. Bg5 d6 5. Be2 O-O 6. O-O Nbd7 7. Qd2 c5 8. Bh6
Ng4 9. Bxg7 Kxg7 10. Ng5 Nge5 11. Qc3 Nf6 12. f4 Nc6 13. Nf3 b5 14. e5 Nd5 15.
Qb3 Nxf4 16. Re1 Qb6 17. c4 Be6 18. exd6 exd6 19. Bf1 a6 20. Qc3+ f6 21. Re4 g5
22. Nxg5 Nd4 23. Nxe6+ Nfxe6 24. Qe1 Kf7 25. Nc3 Qa5 26. Qh4 Ke7 27. Nd5+ Kd7
28. Qxh7+ Kc6 29. Ne7+ Kb6 30. Nd5+ Kc6 31. Ne7+ {Game drawn by mutual
agreement} 1/2-1/2

[Event "Team 45 45 League T48"]
[Site "Internet Chess Club"]
[Date "2011.02.19"]
[Round "2"]
[White "wekabird"]
[Black "dpmdpm"]
[Result "1-0"]
[WhiteElo "1171"]
[BlackElo "1475"]
[Opening "English: symmetrical variation"]
[ECO "A34"]
[Time "16:00:30"]
[TimeControl "2700+45"]

1. c4 c5 2. Nc3 Nf6 3. e4 Nc6 4. d3 d6 5. h3 e5 6. Nf3 Be7 7. g3 O-O 8. Bg2 b6
9. O-O Bb7 10. Rb1 Qd7 11. Bg5 h6 12. Bxf6 Bxf6 13. Nd5 Bd8 14. Kh2 Ne7 15. Nc3
Nc6 16. Re1 f5 17. exf5 Qxf5 18. Ne4 Be7 19. Rf1 Rab8 20. Qe2 Nd4 21. Nxd4 cxd4
22. b4 Qd7 23. Bf3 d5 24. Bg4 Qd8 25. Be6+ Kh8 26. cxd5 Bxd5 27. Bxd5 Qxd5 28.
Qg4 Qxa2 29. Qd7 Bf6 30. Nxf6 gxf6 31. Qf5 Qg8 32. Rbc1 Qg5 33. Qd7 Qd2 34. Rc7
{Black resigns} 1-0

[Event "Team 45 45 League T48"]
[Site "Internet Chess Club"]
[Date "2011.02.22"]
[Round "2"]
[White "otib2006"]
[Black "Conjurer"]
[Result "1-0"]
[WhiteElo "1316"]
[BlackElo "1122"]
[Opening "Sicilian defense"]
[ECO "B20"]
[Time "11:38:11"]
[TimeControl "2700+45"]

1. e4 c5 2. Bc4 d6 3. Nf3 Nf6 4. Nc3 a6 5. O-O g6 6. Re1 Bg7 7. d4 cxd4 8. Nxd4
b5 9. Bb3 Bb7 10. Bg5 e5 11. Bxf6 Bxf6 12. Nf3 O-O 13. Nd5 Bg7 14. Qd2 Nd7 15.
Qb4 Nc5 16. Qc3 Rc8 17. Qe3 Nxb3 18. Qxb3 Rc5 19. Rad1 Qa8 20. Nb6 Qd8 21. Nd5
Bc8 22. c3 Be6 23. Qc2 Bg4 24. Qd3 Re8 25. Qe3 Re6 26. Rd2 Qf8 27. Nb6 Bh6 28.
Ng5 Qe7 29. h4 Rf6 30. Nd5 Qd8 31. Nxf6+ Qxf6 32. Rd5 Qe7 33. Rxc5 dxc5 34. Qg3
Be6 35. Qxe5 Bxg5 36. hxg5 f6 37. Qxf6 Qxf6 38. gxf6 Kf7 39. e5 c4 40. Rd1 g5
41. Rd6 a5 42. Ra6 a4 43. Ra7+ Kg6 44. Rb7 {Black resigns} 1-0

[Event "Team 45 45 League T48"]
[Site "Internet Chess Club"]
[Date "2011.02.19"]
[Round "2"]
[White "WilmaP"]
[Black "PsyMar"]
[Result "0-1"]
[WhiteElo "1073"]
[BlackElo "1328"]
[Opening "Alekhine's defense: Maróczy variation"]
[ECO "B02"]
[Time "12:31:53"]
[TimeControl "2700+45"]

1. e4 Nf6 2. d3 e5 3. Nf3 Nc6 4. Nc3 d5 5. d4 exd4 6. Nxd4 dxe4 7. Bb5 Bd7 8.
O-O Bc5 9. Be3 Nxd4 10. Bxd4 Bxd4 11. Qxd4 Bxb5 12. Qxd8+ Rxd8 13. Nxb5 O-O 14.
Nxc7 Rc8 15. Nb5 Rxc2 16. Nxa7 Rxb2 17. Rfe1 Ra8 18. Red1 g6 19. h3 Rxa7 20. a4
Ne8 21. Rd8 Kf8 22. Re1 Rxa4 23. Rd7 Nf6 24. Rd8+ Ke7 25. Rc8 b5 26. Rc7+ Kf8
27. Rc8+ Kg7 28. h4 Ng4 29. Rf1 e3 30. fxe3 Nxe3 31. Rf2 Rb1+ 32. Kh2 Rxh4+ 33.
Kg3 Nf5+ 34. Rxf5 gxf5 35. Kxh4 Rb4+ 36. Kg3 Rg4+ 37. Kf3 b4 38. Rc5 Kg6 39.
Rc6+ f6 40. Rc8 b3 41. Rb8 Kg5 42. Rxb3 f4 43. Rb8 Rg3+ 44. Kf2 h5 45. Rg8+ Kh4
46. Rf8 Kg5 47. Rg8+ Kh6 48. Rxg3 fxg3+ 49. Kxg3 Kg5 50. Kf3 h4 51. g3 h3 52.
Kf2 Kg4 53. Kg1 Kxg3 54. Kh1 Kf3 55. Kh2 f5 56. Kxh3 Ke3 57. Kg3 f4+ 58. Kg2 Ke2
59. Kg1 f3 60. Kh1 f2 61. Kg2 f1=Q+ 62. Kh2 Qf4+ 63. Kg1 Qg5+ 64. Kh1 Kf2 65.
Kh2 Qh4# {White checkmated} 0-1

[Event "Team 45 45 League T48"]
[Site "Internet Chess Club"]
[Date "2011.02.20"]
[Round "2"]
[White "SlimeDog2"]
[Black "TerryMalloy"]
[Result "1-0"]
[WhiteElo "2038"]
[BlackElo "1828"]
[Opening "Queen's Indian: old main line, 7.Nc3"]
[ECO "E18"]
[Time "21:16:52"]
[TimeControl "2700+45"]

1. Nf3 Nf6 2. c4 e6 3. g3 b6 4. Bg2 Bb7 5. O-O Be7 6. Nc3 O-O 7. d4 Na6 8. a3 d5
9. Ne5 c5 10. dxc5 Nxc5 11. cxd5 exd5 12. Be3 Rc8 13. Bh3 Ne6 14. Nb5 Ra8 15.
Rc1 a6 16. Bxe6 fxe6 17. Nd4 Qd6 18. Nec6 Bxc6 19. Rxc6 Qd7 20. Bf4 Rac8 21.
Rxb6 Bc5 22. Rxa6 Qb7 23. Rxe6 Qxb2 24. Nb3 Bxa3 25. Be5 Qc2 26. Bxf6 gxf6 27.
Qxd5 Qc4 28. Qxc4 Rxc4 29. Rd1 Kf7 30. Ra6 Bb2 31. Rd2 Be5 32. Kg2 Rfc8 33. e3
R8c7 34. Nd4 Rd7 35. Nf3 Rxd2 36. Nxd2 Rc2 37. Nf3 Bc7 38. Nd4 Rc1 39. Rc6 Rxc6
40. Nxc6 Ke6 41. Kf3 Bd6 42. Nd4+ Kf7 43. Kg4 Kg6 44. f4 Bc5 45. f5+ Kf7 46. Kh5
Bf8 47. Ne6 Bd6 48. e4 Kg8 49. Kg4 Kf7 50. h4 h5+ 51. Kf3 {Black resigns} 1-0

[Event "Team 45 45 League T48"]
[Site "Internet Chess Club"]
[Date "2011.02.20"]
[Round "2"]
[White "kasperloff"]
[Black "chsrules88"]
[Result "0-1"]
[WhiteElo "1967"]
[BlackElo "2034"]
[Opening "Queen's pawn game, Chigorin variation"]
[ECO "D02"]
[Time "14:00:35"]
[TimeControl "2700+45"]

1. d4 d5 2. Nf3 Nc6 3. c4 Bg4 4. Bf4 e6 5. e3 Nf6 6. Nc3 Bd6 7. Bg3 Bxg3 8. hxg3
O-O 9. cxd5 exd5 10. Bd3 Re8 11. O-O a6 12. Rc1 Qd6 13. a3 Ne4 14. Qc2 f5 15.
Na4 Rad8 16. Ne5 Nxe5 17. dxe5 Qxe5 18. Qxc7 Nd6 19. Qc3 Qe7 20. Qd4 Ne4 21. Rc2
Bh5 22. Rfc1 Bf7 23. Nb6 Qd6 24. Be2 Re6 25. Na4 Be8 26. Nc3 Bc6 27. Bf3 Qe7 28.
Ne2 Red6 29. Nf4 Ng5 30. Be2 Ne6 31. Nxe6 Qxe6 32. Bf3 g5 33. Be2 Qf6 34. Qxf6
Rxf6 35. Rd2 Kf7 36. Rcd1 Rfd6 37. b3 Kf6 38. Rc1 g4 39. Rd4 Re6 40. Rcd1 h5 41.
Bc4 Red6 42. Bd3 Ke5 43. Rf4 Bd7 44. Rd4 Rc8 45. Bb1 Rc3 46. R4d3 Rxd3 47. Rxd3
Rc6 48. Rd1 Rc3 49. Ba2 Rc2 50. Bb1 Rb2 51. b4 Bb5 52. Bd3 Bc6 53. Bf1 Ra2 54.
Rc1 Rxa3 55. Rb1 Ba4 56. Be2 Rb3 57. Rxb3 Bxb3 58. f3 d4 59. Kf2 Bc2 60. f4+ Ke4
61. exd4 Kxd4 62. Ke1 Bd3 63. Bd1 Kc3 64. Ba4 b5 {White resigns} 0-1

[Event "Team 45 45 League T48"]
[Site "Internet Chess Club"]
[Date "2011.02.18"]
[Round "2"]
[White "LobowolfXXX"]
[Black "Hathor"]
[Result "0-1"]
[WhiteElo "1938"]
[BlackElo "1950"]
[Opening "Caro-Kann: advance variation"]
[ECO "B12"]
[Time "13:00:47"]
[TimeControl "2700+45"]

1. e4 c6 2. d4 d5 3. e5 Bf5 4. Nf3 e6 5. Be2 Nd7 6. O-O c5 7. Be3 Ne7 8. dxc5
Nc6 9. c4 dxc4 10. Bxc4 Bxc5 11. Bxc5 Nxc5 12. Bb5 Qb6 13. Nc3 O-O 14. Bxc6 bxc6
15. b3 Rfd8 16. Qc1 Nd3 17. Qg5 Qa5 18. Na4 Nxe5 19. Nxe5 Qxe5 20. Rac1 h6 21.
Qe7 Qd6 22. Qb7 Qd2 23. Nc3 Qd7 24. Qxd7 Rxd7 25. f3 Rad8 26. Rfd1 Rxd1+ 27.
Rxd1 Rxd1+ 28. Nxd1 Kf8 29. Kf2 Ke7 30. Ke3 Kd6 31. Kd4 e5+ 32. Kc3 Be6 33. Ne3
Kc5 34. a3 a5 35. Nc2 f5 36. b4+ axb4+ 37. axb4+ Kd6 38. g3 Bd5 39. f4 exf4 40.
gxf4 g5 41. fxg5 hxg5 42. Kd4 Be4 43. Ne3 Ke6 44. Nc4 Bg2 45. Ne3 Bf3 46. Nc4 f4
47. Ne5 Bg2 48. Ng4 Bd5 49. Ne5 Kf5 50. b5 cxb5 51. Kxd5 b4 52. Nc6 f3 53. Nxb4
f2 54. Nc2 Kf4 {White resigns} 0-1

[Event "Team 45 45 League T48"]
[Site "Internet Chess Club"]
[Date "2011.02.26"]
[Round "2"]
[White "Guoruey"]
[Black "zap2"]
[Result "1/2-1/2"]
[WhiteElo "1928"]
[BlackElo "1826"]
[Opening "Caro-Kann: advance variation"]
[ECO "B12"]
[Time "10:14:17"]
[TimeControl "2700+45"]

1. e4 c6 2. d4 d5 3. e5 Bf5 4. Nf3 e6 5. Be2 Nd7 6. O-O Ne7 7. Nh4 Bg6 8. f4 c5
9. c3 cxd4 10. cxd4 Nc6 11. Nf3 Nb4 12. Na3 Rc8 13. Bd2 a6 14. Qb3 Qb6 15. Rfc1
Nc6 16. Qxb6 Nxb6 17. Kf2 Be7 18. Ke3 O-O 19. Be1 Na4 20. Bc3 b5 21. Nb1 Nxc3
22. Nxc3 Na5 23. g4 Nc4+ 24. Bxc4 dxc4 25. a3 Rfd8 26. h4 h6 27. h5 Bh7 28. g5
Kh8 29. Rg1 g6 30. gxh6 gxh5 31. Rg7 Bg6 32. Ng5 Bxg5 33. fxg5 Rd7 34. Rf1 Rcd8
35. Ne4 Rxd4 36. Nd6 Rd3+ 37. Ke2 Rg3 38. Rfxf7 Rxg5 39. Rd7 Rxe5+ 40. Kf2 Rf8+
41. Kg3 Rg5+ 42. Kh4 Rg4+ 43. Kh3 Rgf4 44. Rxg6 Rf2 45. Rgg7 R8f3+ 46. Rg3 Rf8
47. Rgg7 R8f3+ 48. Rg3 Rf8 49. Rgg7 {Game drawn by repetition} 1/2-1/2

[Event "Team 45 45 League T48"]
[Site "Internet Chess Club"]
[Date "2011.02.18"]
[Round "2"]
[White "Chatica"]
[Black "cacheboy"]
[Result "1/2-1/2"]
[WhiteElo "2101"]
[BlackElo "2290"]
[Opening "Sicilian: closed"]
[ECO "B23"]
[Time "22:05:29"]
[TimeControl "2700+45"]

1. e4 c5 2. Nc3 g6 3. f4 Nc6 4. Bb5 Nd4 5. Bc4 d6 6. Nf3 Bg4 7. Nxd4 Bxd1 8.
Bb5+ Qd7 9. Bxd7+ Kxd7 10. Nxd1 cxd4 11. d3 Bg7 12. Bd2 f5 13. Nf2 Nf6 14. Ke2
Rac8 15. Rac1 h5 16. c4 e5 17. fxe5 dxe5 18. exf5 gxf5 19. Rhf1 Bh6 20. Rce1
Rcg8 21. Bxh6 Rxh6 22. Kf3 Kd6 23. g3 h4 24. Rh1 a5 25. b3 Ng4 26. Nxg4 Rxg4 27.
Rhg1 hxg3 28. hxg3 Rhg6 29. Rg2 Ke6 30. Kf2 e4 31. dxe4 fxe4 32. Rh1 Ke5 33. Rh7
Rg7 34. Rh5+ R4g5 35. Rh8 Kd6 36. Re8 Re7 37. Rf8 Kc5 38. a3 b5 39. Rc8+ Kd6 40.
Rd8+ Rd7 41. Rc8 bxc4 42. Rxc4 Rd5 43. Ke2 Ke5 44. Rh2 d3+ 45. Kd1 e3 46. Rh5+
Kf6 47. Rc6+ Kg7 48. Rxd5 Rxd5 49. Re6 e2+ 50. Kd2 Kf7 51. Re4 Kf6 52. b4 axb4
53. axb4 Kf5 54. Re7 Kg4 55. b5 Kf3 56. b6 Kxg3 57. b7 Rb5 58. Kxd3 e1=Q 59.
Rxe1 Rxb7 {Game drawn by mutual agreement} 1/2-1/2

[Event "Team 45 45 League T48"]
[Site "Internet Chess Club"]
[Date "2011.02.18"]
[Round "2"]
[White "DARKwizard1"]
[Black "alexping"]
[Result "1-0"]
[WhiteElo "1976"]
[BlackElo "1979"]
[Opening "French: Winawer (Nimzovich) variation"]
[ECO "C15"]
[Time "13:35:04"]
[TimeControl "2700+45"]

1. e4 e6 2. d4 d5 3. Nc3 Bb4 4. exd5 exd5 5. Bd3 c6 6. Ne2 Nf6 7. O-O O-O 8. Bg5
Bg4 9. Qd2 Qd6 10. Rae1 Bh5 11. Ng3 Bg6 12. Re2 h6 13. Bxf6 Qxf6 14. Nxd5 cxd5
15. Qxb4 Bxd3 16. cxd3 Nc6 17. Qxb7 Rfb8 18. Qd7 Rd8 19. Qg4 Nxd4 20. Re3 Nc2
21. Rf3 Qg6 22. Qa4 Rdc8 23. Rc1 Qc6 24. Qf4 Qe6 25. h4 a5 26. a3 Ra7 27. Nf5
Kh7 28. Rg3 f6 29. Rxg7+ {Black resigns} 1-0

[Event "Team 45 45 League T48"]
[Site "Internet Chess Club"]
[Date "2011.02.19"]
[Round "2"]
[White "misuc56"]
[Black "kabindra"]
[Result "0-1"]
[WhiteElo "1822"]
[BlackElo "1822"]
[Opening "Queen's Indian: 4.e3"]
[ECO "E14"]
[Time "14:00:31"]
[TimeControl "2700+45"]

1. d4 Nf6 2. c4 e6 3. e3 b6 4. Nf3 Bb7 5. Be2 Be7 6. O-O h6 7. h3 O-O 8. Nc3 Ne4
9. Bd3 d5 10. Bxe4 dxe4 11. Nh2 Nd7 12. Qc2 f5 13. a3 Nf6 14. Ne2 Bd6 15. b4 c5
16. Rd1 Qc7 17. g3 h5 18. Nf4 Bxf4 19. gxf4 cxd4 20. exd4 Qf7 21. Be3 Rac8 22.
Qe2 b5 23. c5 Nd5 24. Rac1 a6 25. Kh1 Bc6 26. Rg1 Kh7 27. Rg5 g6 28. Rcg1 Rg8
29. Nf1 Rcd8 30. h4 Ra8 31. Ng3 Nf6 32. Qd2 Ng4 33. Nf1 Rad8 34. Nh2 e5 35. fxe5
Nxe5 36. Qe2 Nc4 37. a4 f4 38. Bxf4 Qxf4 39. axb5 axb5 40. Ra1 Qxh4 41. Ra7+ Rg7
42. Rxg7+ Kxg7 43. Rg1 Rxd4 44. Ra1 Qf4 45. Rg1 e3+ 46. f3 Rd2 {White resigns}
0-1

[Event "Team 45 45 League T48"]
[Site "Internet Chess Club"]
[Date "2011.02.18"]
[Round "2"]
[White "BaumDeezy"]
[Black "taldeital"]
[Result "0-1"]
[WhiteElo "1492"]
[BlackElo "1555"]
[Opening "English opening"]
[ECO "A10"]
[Time "17:15:51"]
[TimeControl "2700+45"]

1. c4 d5 2. cxd5 Qxd5 3. Nc3 Qd8 4. Nf3 Nf6 5. g3 Nbd7 6. Bg2 c6 7. O-O e6 8. d4
Be7 9. Bg5 O-O 10. Qd3 h6 11. Bf4 Nd5 12. e3 Nxf4 13. gxf4 Nf6 14. a3 Nd5 15.
Rac1 f6 16. Rfd1 Qe8 17. Ne4 Qg6 18. Nc5 Qxd3 19. Nxd3 g5 20. fxg5 hxg5 21. Nd2
Kf7 22. Ne4 Rh8 23. Ng3 Bd6 24. e4 Nf4 25. Nxf4 Bxf4 26. Rc3 Bd7 27. d5 Rac8 28.
Rdd3 Be5 29. dxe6+ Bxe6 30. Rc2 Rcd8 31. Rxd8 Rxd8 32. Bf3 Bb3 33. Bh5+ Kf8 34.
Nf5 {White resigns} 0-1

[Event "Team 45 45 League T48"]
[Site "Internet Chess Club"]
[Date "2011.02.17"]
[Round "2"]
[White "TheEvilOverlord"]
[Black "JohLeb"]
[Result "0-1"]
[WhiteElo "1224"]
[BlackElo "1350"]
[Opening "Sicilian: Najdorf, Byrne (English) attack"]
[ECO "B90"]
[Time "16:00:10"]
[TimeControl "2700+45"]

1. e4 c5 2. Nf3 d6 3. d4 cxd4 4. Nxd4 Nf6 5. Nc3 a6 6. Be3 e5 7. Nb3 Be6 8. f3
Nc6 9. Qd2 Qc7 10. O-O-O Rd8 11. g4 Be7 12. h4 O-O 13. Bg5 Bxb3 14. cxb3 Nd4 15.
Bg2 Rc8 16. f4 Qa5 17. Kb1 Rfe8 18. f5 Nxg4 19. Bxe7 Rxe7 20. Qg5 Nf6 21. h5 h6
22. Qg3 Rec7 23. Rd3 b5 24. Rg1 Nxh5 25. Qg4 Nf4 26. Bf1 f6 27. Rd1 b4 28. Ne2
Nfxe2 29. Bxe2 Qc5 30. Bc4+ Kh8 31. Qh5 d5 32. exd5 Nb5 33. Rg6 Kh7 34. Rdg1 Nd6
35. Qg4 Ne8 36. Rd1 Rd7 37. Bxa6 Rcc7 38. Bc4 Nd6 39. Ba6 Qc2+ 40. Ka1 Qc1+ 41.
Rxc1 Rxc1# {White checkmated} 0-1

[Event "Team 45 45 League T48"]
[Site "Internet Chess Club"]
[Date "2011.02.20"]
[Round "2"]
[White "witchfynder"]
[Black "dabodhi"]
[Result "1-0"]
[WhiteElo "1358"]
[BlackElo "1215"]
[Opening "Scandinavian defense"]
[ECO "B01"]
[Time "16:01:17"]
[TimeControl "2700+45"]

1. e4 d5 2. exd5 Nf6 3. Nf3 c6 4. c4 cxd5 5. d4 Bg4 6. Be2 Nc6 7. c5 a6 8. Bf4
Qa5+ 9. Nc3 g6 10. O-O Bg7 11. Na4 Nd7 12. b4 Qd8 13. a3 Bxf3 14. Bxf3 Nxd4 15.
Ra2 e6 16. Bd6 b5 17. Nb2 Nf5 18. Bf4 O-O 19. Nd3 Re8 20. Re1 Nd4 21. Ne5 Nxf3+
22. Qxf3 Nxe5 23. Bxe5 Bxe5 24. Rxe5 a5 25. Rae2 axb4 26. axb4 Ra4 27. Qb3 Ra1+
28. Re1 Qa8 29. h4 Ra3 30. Qb2 Qa4 31. h5 Rb3 32. Qe2 Qxb4 33. c6 Rc3 34. h6
Rxc6 35. Qf3 Qd6 36. Qf6 Qf8 37. f4 Qxh6 38. f5 Rec8 39. fxe6 Rc1 40. Qxf7+ Kh8
41. e7 Rxe1+ 42. Rxe1 Qh4 43. e8=Q+ Rxe8 44. Rxe8# {Black checkmated} 1-0

[Event "Team 45 45 League T48"]
[Site "Internet Chess Club"]
[Date "2011.02.22"]
[Round "2"]
[White "GiulioCre"]
[Black "Aquaman"]
[Result "0-1"]
[WhiteElo "1322"]
[BlackElo "1359"]
[Opening "Queen's pawn game"]
[ECO "A46"]
[Time "15:30:07"]
[TimeControl "2700+45"]

1. d4 Nf6 2. Nf3 d6 3. Nc3 c6 4. e4 e6 5. d5 cxd5 6. exd5 e5 7. Bb5+ Bd7 8. Bg5
Be7 9. O-O O-O 10. Qe2 a6 11. Bd3 Bg4 12. Bxf6 Bxf6 13. Bxh7+ Kh8 14. Be4 Be7
15. Qe3 f5 16. Na4 fxe4 17. Nb6 Nd7 18. Nxa8 exf3 19. gxf3 Bxf3 20. Qa7 Qxa8 21.
Qe3 Rf4 22. h3 Qf8 23. Kh2 Re4 24. Qd3 Qf4+ 25. Kg1 Qg5+ {White resigns} 0-1

[Event "Team 45 45 League T48"]
[Site "Internet Chess Club"]
[Date "2011.02.23"]
[Round "2"]
[White "BrerRabbit"]
[Black "dscvdchk"]
[Result "1-0"]
[WhiteElo "1581"]
[BlackElo "1486"]
[Opening "English opening"]
[ECO "A20"]
[Time "10:45:51"]
[TimeControl "2700+45"]

1. c4 e5 2. g3 Nf6 3. Bg2 d5 4. cxd5 Nxd5 5. Nc3 Nb6 6. Nf3 Nc6 7. O-O Be7 8. a3
O-O 9. b4 a6 10. d3 Bg4 11. h3 Be6 12. Be3 Nd5 13. Nxd5 Bxd5 14. Qd2 h6 15. Rfc1
Rc8 16. Bc5 Re8 17. Qb2 b6 18. Bxe7 Nxe7 19. Nxe5 Bxg2 20. Kxg2 Nd5 21. d4 Qe7
22. e3 g5 23. Rc6 Kg7 24. Rac1 f6 25. Nf3 Qe4 26. Qc2 Qxc2 27. R1xc2 Kf7 28. Nd2
Re6 29. Kf3 Rxc6 30. Rxc6 Ne7 31. Rc3 c6 32. Ne4 Ke6 33. Nd2 Rd8 34. Nc4 Nd5 35.
Rc1 b5 36. Na5 Rd6 37. Rxc6 Ne7 38. Rxd6+ Kxd6 39. e4 Ng6 40. Kg4 {Black
resigns} 1-0

[Event "Team 45 45 League T48"]
[Site "Internet Chess Club"]
[Date "2011.02.18"]
[Round "2"]
[White "Lyko"]
[Black "Bible-Believer"]
[Result "0-1"]
[WhiteElo "1392"]
[BlackElo "1523"]
[Opening "QGD: Tarrasch defense"]
[ECO "D32"]
[Time "20:00:17"]
[TimeControl "2700+45"]

1. d4 d5 2. c4 e6 3. Nc3 c5 4. dxc5 d4 5. Ne4 Nc6 6. Nf3 e5 7. Qa4 Bf5 8. Nd6+
Bxd6 9. cxd6 Qxd6 10. b3 Ne7 11. Ba3 Qc7 12. Rd1 O-O 13. e3 dxe3 14. fxe3 Qb6
15. c5 Qc7 16. Be2 Rfd8 17. O-O Nd5 18. e4 Nc3 19. Rxd8+ Rxd8 20. Qc4 Nxe4 21.
Bd3 Qa5 22. Bxe4 Bxe4 23. Qxe4 Qxa3 24. Ng5 Qxc5+ 25. Kh1 g6 26. Nxf7 Rf8 27.
Nh6+ Kg7 28. Rd1 Kxh6 29. Qh4+ Kg7 30. Rd7+ Rf7 31. Rxf7+ Kxf7 32. Qxh7+ Kf6 33.
h3 Qe7 34. Qh4+ Kg7 35. Qe4 Qc5 36. h4 Qc1+ 37. Kh2 Qf4+ 38. Qxf4 exf4 39. Kh3
Kf6 40. Kg4 Ne7 41. Kxf4 Nf5 42. Kg4 Ne3+ 43. Kf3 Nd5 44. g4 b5 45. a4 bxa4 46.
bxa4 a5 47. Ke4 Nc3+ 48. Kd4 Nxa4 49. Kc4 Nb6+ 50. Kb5 a4 51. Kb4 Nd5+ 52. Kxa4
Ne3 53. g5+ Kf5 {White resigns} 0-1

[Event "Team 45 45 League T48"]
[Site "Internet Chess Club"]
[Date "2011.02.20"]
[Round "2"]
[White "chesskix"]
[Black "matthewc"]
[Result "1-0"]
[WhiteElo "1458"]
[BlackElo "1517"]
[Opening "QGD: 3...Nf6"]
[ECO "D35"]
[Time "22:00:11"]
[TimeControl "2700+45"]

1. d4 d5 2. c4 e6 3. Nc3 Nf6 4. g3 c6 5. Bg2 Bb4 6. c5 Qa5 7. Bd2 Qc7 8. Bf4 Qa5
9. Qc2 Ne4 10. Bxe4 dxe4 11. Bd2 f5 12. Nh3 Nd7 13. O-O Nf6 14. a3 Bxc3 15. Bxc3
Qc7 16. Nf4 Nd5 17. Bd2 Qe7 18. Ng2 g5 19. Ne3 f4 20. Nc4 b5 21. Nd6+ Kd7 22.
Qxe4 Nf6 23. Qe5 Qg7 24. Ne4 Rf8 25. Ba5 Ke8 26. Nd6+ Ke7 27. Nf5+ Kf7 28. Nxg7
Kxg7 29. Qxg5+ Kf7 30. Qxf4 Kg6 31. Bd2 h5 32. Qh6+ Kf7 33. Bg5 Ne4 34. Qh7+ Ke8
35. Qxe4 Rf5 36. Qxc6+ Kf7 37. Qxa8 Rxg5 38. Qxc8 h4 39. Qc7+ Kf6 40. Qd8+ Kf5
41. e4+ Kg4 42. h3+ Kxh3 43. Qxg5 e5 44. Qxh4# {Black checkmated} 1-0

[Event "Team 45 45 League T48"]
[Site "Internet Chess Club"]
[Date "2011.02.22"]
[Round "2"]
[White "JimGaming"]
[Black "bowwrestler"]
[Result "0-1"]
[WhiteElo "1244"]
[BlackElo "1204"]
[Opening "Scandinavian: Pytel-Wade variation"]
[ECO "B01"]
[Time "13:08:11"]
[TimeControl "2700+45"]

1. e4 d5 2. exd5 Qxd5 3. Nc3 Qd6 4. d4 Nf6 5. Nf3 a6 6. Bc4 b5 7. Bb3 Bb7 8. O-O
e6 9. Be3 Nbd7 10. h3 Be7 11. Qd2 O-O 12. Bf4 Qb6 13. Qe3 c5 14. d5 Rfe8 15. a3
exd5 16. Qd2 c4 17. Ba2 Nc5 18. Be5 Rad8 19. Qf4 Bd6 20. Rfe1 Bxe5 21. Nxe5 Nce4
22. Nxe4 dxe4 23. Qe3 Qxe3 24. fxe3 Rxe5 25. c3 Rg5 26. Rad1 Rd3 27. Bb1 Rxd1
28. Rxd1 g6 29. Rd8+ Kg7 30. Rb8 Bc6 31. Rb6 Bd7 32. Kh2 Nd5 33. Rxa6 Bf5 34. h4
Rg4 35. g3 Nxe3 36. Rc6 Nf1+ 37. Kg2 Nxg3 38. Rc5 e3 39. Bxf5 Nxf5+ 40. Kf3 Rxh4
41. Ke2 Rh2+ 42. Ke1 e2 43. Re5 f6 44. Rxe2 Rxe2+ 45. Kxe2 h5 46. Kd2 h4 47. Kc2
h3 48. b3 cxb3+ 49. Kxb3 h2 50. Kb4 h1=Q 51. Kxb5 Qd5+ 52. Kb4 g5 53. c4 Qc6 54.
c5 g4 55. a4 g3 {White resigns} 0-1